 Dungeon Crawl Stone Soup version 0.30.1-11-g7821555f0a (webtiles) character file.

Game seed: 6264155198763448617

2111 Wiggles the Cleaver (level 9, -7/81 HPs)
             Began as a Minotaur Berserker on Nov 27, 2023.
             Was an Elder of Trog.
             Mangled by Edmund
             ... wielding a +3 heavy flail
              (16 damage)
             ... on level 6 of the Dungeon.
             The game lasted 00:06:57 (5039 turns).

Wiggles the Cleaver (Minotaur Berserker)            Turns: 5039, Time: 00:06:58

Health: -7/81      AC: 15    Str: 26    XL:     9   Next: 7%
Magic:  8/8        EV:  8    Int:  4    God:    Trog [****..]
Gold:   245        SH:  0    Dex: 10    Spells: 8/8 levels left

rFire   . . .        a - +0 hand axe
rCold   . . .        (no shield)
rNeg    . . .        u - +0 plate armour
rPois   .            v - +2 hat
rElec   .            (no cloak)
rCorr   .            (no gloves)
SInv    +            (no boots)
Will    .....        (no amulet)
Stlth   x              - ring of see invisible
HPRegen 0.33/turn    (no ring)
MPRegen 0.11/turn

%: no passive effects
@: on berserk cooldown, slowed, very slow
A: horns 2, retaliatory headbutt
a: Renounce Religion, Berserk, Trog's Hand, Brothers in Arms


You were on level 6 of the Dungeon.
You worshipped Trog.
Trog was greatly pleased with you.
You visited 1 branch of the dungeon, and saw 6 of its levels.
You also visited: Sewer.

You collected 245 gold pieces.

Inventory:

Hand Weapons
 a - a +0 hand axe (weapon)
Armour
 u - a +0 plate armour (worn)
 v - a +2 hat (worn)
Jewellery
 x - a ring of see invisible (left hand)
Wands
 b - a wand of roots (5)
 t - a wand of paralysis (6)
Scrolls
 e - 2 scrolls of noise {unknown}
 j - 2 scrolls of immolation {unknown}
 m - 4 scrolls of identify {unknown}
 n - a scroll of enchant weapon {unknown}
 s - a scroll of enchant armour {unknown}
 w - 4 scrolls of teleportation {unknown}
Potions
 c - 2 potions of curing {unknown}
 d - 2 potions of attraction {unknown}
 f - a potion of ambrosia {unknown}
 g - a potion of cancellation {unknown}
 h - a potion of berserk rage {unknown}
 i - a potion of might {unknown}
 k - 2 potions of resistance {unknown}
 l - 3 potions of haste {unknown}
 o - 2 potions of magic {unknown}
 p - 3 potions of heal wounds {unknown}
 q - 2 potions of mutation {unknown}
 r - a potion of degeneration {unknown}


   Skills:
 + Level 8.0 Fighting
 + Level 10.0 Axes
 + Level 7.4 Armour
 + Level 3.9 Dodging
 + Level 1.0 Stealth


You had 8 spell levels left.
You didn't know any spells.
Your spell library was empty.

Dungeon Overview and Level Annotations

Branches:
Dungeon (6/15)             Temple (0/1) D:6           Sewer (visited)

Altars:
Gozag
Ru
Xom

Annotations:
D:6 Edmund, Eustachio


Innate Abilities, Weirdness & Mutations

You have a pair of horns on your head.
You reflexively headbutt those who attack you in melee.


Message History

You barely miss Edmund. You headbutt Edmund!
Edmund is heavily wounded.
Edmund hits you with a +3 heavy flail!
You hit Edmund.
Edmund is severely wounded.
Edmund hits you with a +3 heavy flail!
* * * LOW HITPOINT WARNING * * *
You hit Edmund. Your headbutt misses Edmund.
Edmund is severely wounded.
Edmund hits you with a +3 heavy flail.
* * * LOW HITPOINT WARNING * * *
You hit Edmund.
Edmund is severely wounded.
Edmund hits you with a +3 heavy flail.
* * * LOW HITPOINT WARNING * * *
You hit Edmund.
Edmund is almost dead.
Eustachio the Magnificent comes into view.
He is wielding a +0 rapier.
Eustachio shouts!
You hit Edmund.
Edmund is almost dead.
Edmund barely misses you.
You hit Edmund but do no damage.
Edmund is almost dead.
Eustachio screams, "This atrocity can only be purified with blood!"
Edmund hits you but does no damage.
You hit Edmund.
Edmund is almost dead.
Edmund hits you but does no damage.
You hit Edmund but do no damage.
Edmund is almost dead.
Edmund closely misses you.
You hit Edmund.
Edmund is almost dead.
Eustachio mumbles some strange words.
Eustachio blinks!
You fail to use your ability.
Edmund hits you with a +3 heavy flail!
* * * LOW HITPOINT WARNING * * *
You fail to use your ability.
Edmund hits you with a +3 heavy flail!
You die...

#.#..#....#.#
#+#
#....#....#.# .
#.##.#..#.#.#
...
#######......# #
....
#.(..(#...#.##
#.....
#.$...#...#..#
......
#...(.'......#
#.#..
#♣....'...#### #
#...#
#..(..@.@#.....#
.. #.#..
#♣...(#.@#.##..#
#.#....
#.....#..... #
......
#######..#..#
....# ##....#
####.# #.#..#
#..... #.#..#
#..... #.# ..
#..... #.......


You could see Edmund and Eustachio.

Vanquished Creatures
  The ghost of middlethird the Cudgeller, a novice VSMo (D:6)
  A water moccasin (D:6)
  An ice beast (D:5)
  A centaur (D:5)
  3 ogres (D:4)
  3 kobold brigands (Sewer)
  Blork the orc (D:4)
  2 scorpions
  A howler monkey (D:4)
  2 jellies
  3 hounds
  2 gnoll boudas (D:4)
  6 orc priests
  Jessica (D:3)
  4 iguanas
  An orc wizard (D:4)
  6 gnolls
  5 adders
  2 river rats (D:4)
  A white imp (D:5)
  2 ufetubi
  2 worms
  3 dart slugs
  26 orcs
  11 ball pythons
  4 bats
  13 endoplasms
  2 giant cockroaches
  5 goblins
  2 hobgoblins (D:1)
  19 kobolds
  3 quokkas
  3 frilled lizards
  12 rats
154 creatures vanquished.

Notes
Turn   | Place    | Note
-------+----------+-------------------------------------------
     0 | D:1      | Wiggles the Minotaur Berserker began the quest for the Orb.
     0 | D:1      | Reached XP level 1. HP: 19/19 MP: 0/0
    28 | D:1      | Reached XP level 2. HP: 27/27 MP: 1/1
    39 | D:1      | Reached skill level 4 in Axes
   759 | D:2      | Reached XP level 3. HP: 26/34 MP: 2/2
  1130 | D:2      | Reached ** piety under Trog
  1138 | D:2      | Reached XP level 4. HP: 36/41 MP: 3/3
  1234 | D:2      | Found an opulent altar of Gozag.
  1436 | D:3      | Reached skill level 5 in Axes
  1443 | D:3      | Reached XP level 5. HP: 14/47 MP: 4/4
  1581 | D:3      | Noticed Jessica
  1597 | D:3      | Killed Jessica
  1598 | D:3      | Reached skill level 5 in Fighting
  2121 | D:4      | Noticed an ogre
  2126 | D:4      | Reached skill level 6 in Axes
  2126 | D:4      | Reached XP level 6. HP: 42/56 MP: 5/5
  2413 | D:4      | Found a glowing drain.
  2417 | Sewer    | Entered a sewer
  2445 | Sewer    | Reached *** piety under Trog
  2446 | Sewer    | Reached skill level 7 in Axes
  2597 | Sewer    | Reached XP level 7. HP: 62/62 MP: 6/6
  3003 | D:4      | Found a sacrificial altar of Ru.
  3016 | D:4      | Reached skill level 8 in Axes
  3016 | D:4      | Reached skill level 5 in Armour
  3024 | D:4      | Identified the +1 ring mail "Cuec" {Will+}
  3219 | D:4      | Found a shimmering altar of Xom.
  3245 | D:4      | Reached XP level 8. HP: 48/71 MP: 7/7
  3249 | D:4      | Reached **** piety under Trog
  3445 | D:4      | Noticed Blork the orc
  3456 | D:4      | Killed Blork the orc
  3755 | D:5      | Entered Level 5 of the Dungeon
  4147 | D:5      | Reached skill level 9 in Axes
  4737 | D:6      | Reached skill level 1 in Stealth
  4822 | D:6      | Found a staircase to the Ecumenical Temple.
  4998 | D:6      | Found a runed translucent gate.
  5003 | D:6      | Found a runed translucent gate.
  5003 | D:6      | Found a runed translucent gate.
  5003 | D:6      | Noticed middlethird's ghost (novice VSMo)
  5017 | D:6      | Noticed Edmund
  5021 | D:6      | Killed middlethird's ghost
  5022 | D:6      | Reached skill level 10 in Axes
  5022 | D:6      | Reached XP level 9. HP: 53/81 MP: 8/8
  5032 | D:6      | Noticed Eustachio
  5039 | D:6      | Mangled by Edmund

Illustrated notes

Levels and vault maps discovered:
D:1:      roderic_chinese_lattice_arrival, layout_basic, nicolae_eternal_life
D:2:      layout_rooms, basic_altar
D:3:      layout_loops_cross, minmay_misc_feat_rows, uniq_jessica
D:4:      layout_basic, xom_confusion_cloud, overflow_temple_1_default,
          gup_sewer_entry_bowl, uniq_blork_the_orc
D:5:      layout_loops_cross
D:6:      layout_basic, lemuel_doored_altar, minmay_temple_entry_arrows,
          ebering_ghost_rock_garden, uniq_sigmund, uniq_edmund, uniq_eustachio

Skill      XL: |  1  2  3  4  5  6  7  8 |
---------------+-------------------------+-----
Fighting       | 4 5 6 8 |  8.0
Axes           | 4 5 6 7 8 10 | 10.0
Armour         | 3 4 5 7 |  7.4
Dodging        | 3 |  3.9
Stealth        | 1 |  1.0

Action                     |  1- 3 |  4- 6 |  7- 9 || total
---------------------------+-------+-------+-------++-------
  Melee: Hand axe          |    60 |   127 |   222 ||   409
         Headbutt          |     5 |    17 |    45 ||    67
         Punch             |       |       |     4 ||     4
 Invoke: Berserk           |     1 |     3 |     3 ||     7
 Armour: Ring mail         |    12 |     6 |       ||    18
         Leather armour    |     1 |       |       ||     1
         Animal skin       |     1 |       |       ||     1
         Chain mail        |       |    65 |    61 ||   126
         Plate armour      |       |       |    53 ||    53
  Dodge: Dodged            |    39 |    57 |    81 ||   177
